AoeStats
← beneath mariana

Black Forest

507256311Analyzed
4v4 RM · 14d ago on Sep 17, 2026· 40m 34s· 8 players
Game mode
Random Map
Map size
Large (8 player)
Population
200
Speed
Normal
Resources
Standard
Victory
Conquest
Starting age
Dark Age
Ending age
Imperial Age
RankedLock teamsTeams togetherTeam positionsShared explorationLock speedFull tech treeHidden civsTurbo modeCheats
Victory
Defeat
🇨🇳 Goths · China
1448
+13
🇨🇳 Persians · China
1413
+14
🇨🇳 Turks · China
1406
+15
🇭🇰 Persians · Hong Kong SAR China
1356
+17
🇹🇼 Mongols · Taiwan
1506
-20
🇮🇳 Saracens · India
1347
-13
🇨🇳 Bohemians · China
1327
-13
🇨🇳 Huns · China
1323
-13
Shadow O.o
10:20 Feudal Age
10:27 Loom
14:16 Castle Age
12:13 Double-Bit Axe
13:17 Horse Collar
15:04 Bow Saw
21:55 Wheelbarrow
28:01 Imperial Age
25:39 Heavy Plow
26:16 Scale Barding Armor
27:08 Hand Cart
26:55 Gold Mining
26:55 Stone Mining
27:29 Forging
28:22 Gold Shaft Mining
28:00 Bloodlines
27:51 Husbandry
28:53 Chain Barding Armor
29:41 Iron Casting
29:45 Stone Shaft Mining
30:14 Two-Man Saw
29:08 Town Watch
30:52 Plate Barding Armor
29:44 Light Cavalry
32:12 Blast Furnace
32:01 Conscription
31:02 Elite War Elephant
31:15 Elite War Elephant
34:25 Crop Rotation
35:38 Hussar
谢por
7:16 Loom
12:28 Feudal Age
16:01 Castle Age
14:27 Double-Bit Axe
14:51 Fishing Lines
16:42 Bow Saw
17:02 Fishing Lines
21:07 Gillnets
24:24 Wheelbarrow
24:50 Horse Collar
28:16 Hand Cart
28:09 Heavy Plow
32:03 Imperial Age
29:22 Town Watch
29:34 Gold Mining
29:34 Stone Mining
30:27 Scale Barding Armor
30:32 Forging
31:50 Bloodlines
31:40 Husbandry
32:23 Chain Barding Armor
32:39 Iron Casting
31:55 Elite War Elephant
33:07 Devotion
34:31 Gold Shaft Mining
34:31 Stone Shaft Mining
33:27 Light Cavalry
35:01 Faith
36:21 Plate Barding Armor
36:46 Blast Furnace
36:55 Crop Rotation
37:48 Hussar
41:29 Two-Man Saw
[QHB] Tony
0:40 Loom
14:44 Feudal Age
20:22 Castle Age
19:24 Horse Collar
29:30 Imperial Age
27:45 Double-Bit Axe
39:14 Fortified Wall
beneath mariana
1:05 Loom
12:36 Feudal Age
12:46 Man-at-Arms
13:21 Double-Bit Axe
13:49 Scale Mail Armor
14:01 Forging
14:50 Fletching
21:37 Wheelbarrow
24:34 Castle Age
22:29 Horse Collar
23:18 Gold Mining
23:20 Stone Mining
23:28 Gold Mining
25:23 Bodkin Arrow
27:34 Chain Mail Armor
27:28 Squires
29:55 Town Watch
30:00 Pikeman
39:34 Long Swordsman
mipolin
10:55 Feudal Age
14:45 Castle Age
13:27 Double-Bit Axe
16:55 Bow Saw
17:54 Horse Collar
21:25 Heavy Plow
22:02 Loom
24:12 Wheelbarrow
23:36 Gold Mining
23:49 Stone Mining
24:15 Bloodlines
24:05 Husbandry
24:16 Scale Barding Armor
26:39 Gold Shaft Mining
27:20 Hand Cart
31:46 Imperial Age
29:29 Town Watch
30:33 Husbandry
30:58 Chain Barding Armor
30:49 Forging
33:09 Iron Casting
34:00 Plate Barding Armor
32:55 Cavalier
34:51 Blast Furnace
34:48 Coinage
34:19 Paladin
37:12 Scale Mail Armor
36:37 Pikeman
37:17 Squires
37:03 Arson
37:24 Halberdier
38:25 Chain Mail Armor
1165498765132
11:16 Feudal Age
11:48 Double-Bit Axe
14:48 Castle Age
12:37 Fishing Lines
15:58 Bow Saw
19:25 Horse Collar
20:43 Gillnets
22:30 Wheelbarrow
22:33 Stone Mining
23:34 Gold Mining
24:09 Loom
28:39 Imperial Age
27:02 Hand Cart
27:25 Gold Shaft Mining
27:26 Stone Shaft Mining
27:18 Fletching
27:29 Padded Archer Armor
27:50 Ballistics
27:45 Town Watch
28:18 Fervor
29:08 Caravan
29:20 Bodkin Arrow
29:32 Thumb Ring
29:29 Husbandry
29:39 Bloodlines
29:56 Conscription
29:46 Elite Mangudai
31:15 Leather Archer Armor
31:02 Bracer
31:18 Leather Archer Armor
32:25 Chemistry
33:11 Capped Ram
34:10 Siege Engineers
34:02 Siege Ram
37:53 Drill
2265138721
11:38 Feudal Age
12:24 Double-Bit Axe
12:50 Loom
22:02 Fletching
26:24 Castle Age
32:37 Bodkin Arrow
AztecKiller2427
1:28 Loom
16:07 Feudal Age
17:45 Double-Bit Axe
20:46 Castle Age
19:17 Fishing Lines
20:52 Gold Mining
22:05 Bow Saw
22:37 Fervor
23:45 Sanctity
23:41 Gillnets
31:08 Imperial Age
29:30 Horse Collar
31:44 Wheelbarrow
32:11 Block Printing
32:22 Illumination
31:55 Fletching
32:06 Padded Archer Armor
31:47 Elite Skirmisher
34:41 Theocracy
34:02 Herbal Medicine
34:17 Crossbowman
35:02 Thumb Ring
34:54 Bodkin Arrow
35:14 Leather Archer Armor
36:01 Bracer
36:54 Arbalester
37:57 Hand Cart
38:05 Ballistics
Connection lost

Rejoining the realm…

Still unreachable

The connection could not be restored.

Session expired

The server has moved on; the page needs a fresh start.